Map: [ESL] Babylon

Players

Harstem

  • Race: Protoss Protoss
  • Spawn Location: 5:00

Lambo - Winner!

  • Race: Zerg Zerg
  • Spawn Location: 11:00

Event: ESL SC2 Masters 2023 Summer (Finals)

VOD

Have the link to the VOD?

Description

Time

  • Played on: June 16, 2023, 6:38 a.m.
  • Length: 9:33

All games in this series

Show
View Real Time Build Order
Export as new Build Order

Harstem Protoss 

Build Orders: 1 Gate Expand, Oracle Opening 

Get SALT Encoding   

  12  0:00  Probe  
  13  0:12  Probe  
  14  0:18  Pylon  
  14  0:24  Probe  
  15  0:29  Assimilator  
  15  0:38  Probe (Chrono Boost)  
  16  0:47  Probe (Chrono Boost)  
  16  0:48  Gateway  
  17  0:52  Probe (Chrono Boost)  
  18  1:04  Probe  
  19  1:16  Probe  
  20  1:23  Nexus  
  20  1:35  Cybernetics Core  
  20  1:37  Probe  
  21  1:41  Assimilator  
  21  1:49  Probe  
  21  1:51  Pylon  
  22  2:01  Probe  
  23  2:09  Adept (Chrono Boost)  
  23  2:12  Warp Gate  
  23  2:13  Probe  
  26  2:22  Stargate  
  26  2:25  Probe  
  27  2:31  Stalker  
  27  2:35  Probe  
  30  2:37  Probe  
  31  2:47  Probe  
  31  2:49  Probe  
  33  2:59  Probe  
  33  3:01  Probe  
  33  3:04  Oracle (Chrono Boost)  
  38  3:13  Nexus  
  38  3:14  Probe  
  38  3:16  Probe  
  40  3:20  Assimilator  
  40  3:26  Probe, Pylon  
  41  3:35  Probe, Gateway  
  41  3:38  Probe  
  43  3:42  Twilight Council  
  44  3:50  Probe  
  44  3:54  Gateway x2  
  44  3:56  Probe  
  46  4:02  Probe  
  46  4:04  Adept  
  46  4:08  Probe  
  49  4:15  Probe, Pylon, Resonating Glaives (Chrono Boost)  
  50  4:20  Probe  
  51  4:27  Probe x2  
  51  4:30  Adept x2  
  57  4:32  Probe  
  58  4:39  Probe x2  
  58  4:44  Probe  
  58  4:45  Pylon  
  61  4:51  Probe  
  61  4:52  Adept x4  
  70  4:53  Probe  
  70  4:56  Probe, Pylon  
  72  5:03  Probe  
  72  5:05  Probe  
  74  5:08  Probe  
  74  5:10  Pylon  
  74  5:12  Adept x3  
  74  5:13  Adept  
  83  5:15  Probe  
  83  5:18  Probe  
  85  5:21  Forge  
  85  5:22  Probe  
  85  5:26  Oracle (Chrono Boost)  
  85  5:28  Probe  
  87  5:29  Pylon  
  87  5:30  Probe  
  87  5:34  Probe  
  92  5:42  Adept x4  
  100  5:45  Protoss Ground Weapons Level 1 (Chrono Boost)  
  100  5:49  Probe  
  91  5:59  Probe x2  
  91  6:01  Probe  
  84  6:09  Adept x4  
  84  6:10  Blink (Chrono Boost)  
  84  6:11  Probe x2, Nexus  
  83  6:12  Assimilator  
  83  6:13  Probe  
  83  6:16  Pylon  
  83  6:17  Oracle (Chrono Boost)  
  83  6:23  Probe x2  
  88  6:26  Probe  
  88  6:31  Stalker x2  
  88  6:32  Stalker x2  
  93  6:40  Probe  
  93  6:42  Probe  
  93  6:44  Probe  
  96  6:48  Gateway  
  96  6:51  Nexus, Gateway, Forge  
  96  6:52  Probe  
  98  6:54  Probe  
  98  6:57  Probe, Shield Battery  
  99  7:06  Probe  
  99  7:07  Stalker x4  
  108  7:10  Probe  
  108  7:13  Probe  
  110  7:16  Pylon  
  110  7:17  Robotics Facility  
  110  7:18  Probe  
  111  7:29  Probe  
  112  7:33  Stalker x2  
  112  7:34  Probe  
  117  7:38  Probe  
  117  7:41  Probe  
  117  7:42  Gateway  
  119  7:44  Pylon  
  119  7:45  Gateway  
  119  7:46  Zealot x2  
  123  7:53  Probe x2  
  123  7:56  Pylon  
  125  8:02  Charge (Chrono Boost)  
  125  8:03  Warp Prism (Chrono Boost)  
  125  8:05  Stalker x4  
  133  8:12  Gateway, Assimilator  
  135  8:17  Gateway  
  135  8:21  Stalker x2  
  135  8:25  Photon Cannon  
  139  8:29  Adept x4  
  147  8:37  Stalker  
  147  8:40  Probe  
  142  8:46  Adept, Zealot x2  
  142  8:47  Probe  
  149  8:50  Probe  
  149  8:54  Robotics Bay  
  148  8:57  Probe, Nexus  
  148  8:59  Pylon x2  
  148  9:01  Pylon  
  148  9:02  Zealot x5  
  153  9:07  Stalker x2  
  155  9:11  Photon Cannon  
  155  9:18  Pylon  
  152  9:25  Stalker x4  
  152  9:28  Stalker x4  
Show
View Real Time Build Order
Export as new Build Order

Lambo Zerg - Winner!

Build Orders: Hatch First 

Get SALT Encoding   

  12  0:00  Drone  
  13  0:11  Overlord  
  13  0:16  Drone  
  14  0:30  Drone x2  
  16  0:47  Hatchery  
  15  0:51  Drone  
  15  0:55  Drone  
  17  0:57  Drone  
  18  1:09  Extractor  
  17  1:13  Spawning Pool  
  17  1:16  Drone  
  17  1:20  Drone  
  18  1:28  Drone  
  19  1:38  Drone  
  20  1:48  Drone  
  21  1:59  Queen  
  21  2:00  Queen, Zergling x2, Overlord  
  26  2:10  Drone x2  
  26  2:12  Metabolic Boost  
  28  2:21  Drone x2  
  30  2:32  Hatchery  
  30  2:34  Drone  
  30  2:37  Drone  
  31  2:43  Drone, Overlord  
  32  2:50  Queen  
  34  2:54  Drone x2  
  36  3:01  Queen  
  38  3:06  Overlord  
  38  3:10  Drone x3  
  38  3:12  Drone  
  42  3:18  Drone x2  
  44  3:27  Queen  
  44  3:29  Overlord  
  44  3:31  Drone  
  47  3:36  Drone  
  47  3:37  Queen  
  47  3:40  Drone  
  51  3:44  Drone  
  51  3:45  Overlord, Spore Crawler  
  51  3:48  Queen  
  53  3:49  Drone  
  53  3:50  Drone  
  53  3:51  Drone  
  56  3:58  Drone x2  
  56  3:59  Overlord, Drone  
  56  4:02  Evolution Chamber  
  58  4:07  Drone x2, Spore Crawler  
  59  4:10  Zergling x2  
  59  4:12  Overlord  
  59  4:14  Drone  
  61  4:17  Drone x2  
  61  4:19  Drone  
  61  4:23  Drone x2  
  66  4:27  Zerg Melee Weapons Level 1  
  66  4:29  Drone, Baneling Nest  
  66  4:30  Drone  
  67  4:32  Zergling x2  
  67  4:34  Zergling x2  
  69  4:40  Zergling x4  
  69  4:41  Drone  
  69  4:43  Drone  
  69  4:44  Extractor  
  72  4:46  Drone x6  
  72  4:52  Drone  
  79  4:55  Hatchery  
  79  4:57  Drone  
  79  5:03  Zergling x4  
  80  5:07  Zergling x6  
  80  5:12  Extractor, Overlord  
  82  5:15  Zergling x14  
  82  5:19  Lair  
  89  5:22  Spore Crawler  
  89  5:26  Overlord  
  89  5:27  Drone  
  89  5:30  Zergling x4  
  89  5:33  Zergling x4  
  89  5:34  Baneling x6  
  89  5:35  Zergling x2  
  94  5:37  Baneling, Zergling x6  
  94  5:42  Zergling x6  
  96  5:44  Zergling x6, Baneling x2  
  96  5:48  Zergling x4  
  96  5:49  Overlord  
  93  5:58  Zergling x4  
  93  6:02  Drone  
  93  6:03  Drone  
  93  6:05  Drone x2  
  93  6:09  Drone x3  
  93  6:10  Drone x2  
  95  6:13  Drone x3  
  95  6:15  Drone x2  
  95  6:18  Drone  
  100  6:19  Drone  
  100  6:21  Drone  
  100  6:23  Drone  
  101  6:29  Zergling x2  
  101  6:30  Zergling x2  
  99  6:34  Drone x4  
  99  6:39  Zergling x2  
  107  6:40  Zergling x8  
  107  6:42  Zerg Melee Weapons Level 2  
  107  6:44  Drone x4, Hydralisk Den  
  109  6:47  Extractor x2  
  109  6:48  Spore Crawler  
  109  6:49  Zergling x2  
  109  6:50  Baneling x5  
  109  6:51  Zergling x2  
  108  6:55  Zergling x4  
  108  6:56  Overlord  
  108  7:00  Spore Crawler  
  107  7:03  Drone x4  
  107  7:06  Zergling x4  
  113  7:17  Drone x3  
  113  7:18  Muscular Augments  
  113  7:20  Zergling x12  
  122  7:23  Centrifugal Hooks  
  122  7:26  Zergling x2  
  122  7:27  Zergling x8  
  125  7:36  Hydralisk  
  127  7:37  Extractor  
  127  7:38  Overlord x2  
  127  7:39  Overlord  
  127  7:41  Drone  
  127  7:42  Overlord x2  
  127  7:44  Overlord  
  127  7:46  Hatchery  
  127  7:48  Overlord  
  127  7:49  Hydralisk x2  
  127  7:56  Overlord  
  127  7:57  Hydralisk x7  
  141  8:00  Hydralisk  
  141  8:03  Zergling x10  
  141  8:05  Hydralisk  
  146  8:06  Zergling x4  
  146  8:08  Zergling x4  
  146  8:11  Zergling x4  
  154  8:14  Hydralisk x2  
  158  8:21  Hydralisk x2  
  160  8:29  Zergling x16  
  160  8:33  Hydralisk x5  
  160  8:34  Zergling x2  
  175  8:37  Zergling x6  
  169  8:41  Zergling x2  
  169  8:47  Zergling x4  
  169  8:50  Zergling x2  
  169  8:58  Zergling x18  
  169  8:59  Baneling  
  169  9:00  Baneling x16  
  169  9:02  Zergling x6  
  180  9:06  Zergling x8  
  180  9:09  Baneling x5  
  183  9:10  Zergling x2  
  183  9:11  Zergling x2  
  183  9:13  Zergling x6  
  183  9:16  Zergling x2  
Tags
 
Add a new tag
Caveats
  • Supply blocks, unpowered buildings, or Contaminate may cause inaccurate times.
  • Supply counts are checked every 10 seconds.